 Dungeon Crawl Stone Soup version 0.21-a0-243-g597973d (webtiles) character file.

8094 tidbits the Transmogrifier (level 10, -1/99 HPs)
             Began as a Demigod Transmuter on Sept 4, 2017.
             Slain by a freezing wraith (3 damage)
             ... in an ice cave.
             The game lasted 01:01:35 (5607 turns).

tidbits the Transmogrifier (Demigod Transmuter)     Turns: 5607, Time: 01:01:35

Health: -1/99      AC:  8    Str: 13    XL:     10   Next: 77%
Magic:  17/22      EV: 12    Int: 23    God:
Gold:   126        SH:  0    Dex: 16    Spells: 5/20 levels left

rFire    x . .     SeeInvis +     - Unarmed
rCold    + + +     Gourm    .   (shield currently unavailable)
rNeg     . . .     Faith    .   (armour currently unavailable)
rPois    +         Spirit   .   (helmet currently unavailable)
rElec    .         Reflect  .   (cloak currently unavailable)
rCorr    .         Harm     +   (gloves currently unavailable)
MR       ++...                  (boots currently unavailable)
Stlth    +.........             P - amulet of harm
HPRegen  0.26/turn              H - ring of protection from magic
MPRegen  0.18/turn              I - ring of see invisible

@: about to teleport, ice-form, slowed, very slow
A: rugged brown scales 1, blurry vision 1, high mp 1, screaming 1, wild magic 1
a: End Transformation


You were in an ice cave.
You were not hungry.
You were a creature of crystalline ice.
You visited 2 branches of the dungeon, and saw 11 of its levels.
You also visited: Sewer and Ice Cave.

You collected 440 gold pieces.
You spent 314 gold pieces at shops.

Inventory:

Hand Weapons
 a - a +1 dagger of venom
   (You took it off an orc wizard on level 6 of the Dungeon)
 b - a +5 blowgun
 N - a +0 flail of holy wrath
   (You took it off Edmund on level 6 of the Dungeon)
Missiles
 j - 83 stones (quivered)
 t - 9 curare-tipped needles
 J - 4 poisoned tomahawks
 O - 48 arrows
 Q - 2 throwing nets {!f}
 U - 5 tomahawks
Armour
 g - a +0 robe (melded)
 E - a +2 helmet (melded)
 F - a +1 pair of boots (melded)
 G - a +0 pair of gloves (melded)
Jewellery
 p - an uncursed ring of positive energy
   (You found it on level 3 of the Dungeon)
 H - a ring of protection from magic (left front paw)
   (You found it on level 7 of the Dungeon)
 I - a ring of see invisible (right front paw)
   (You found it on level 5 of the Dungeon)
 P - an amulet of harm (around neck)
   (You found it on level 9 of the Dungeon)
Wands
 f - a wand of flame (16/48)
 r - a wand of disintegration (9/24)
 C - a wand of enslavement (20/24)
 D - a wand of confusion (16/48)
 L - a wand of iceblast (5/15)
 T - a wand of disintegration (13/24)
 Y - a wand of disintegration (3/24)
Scrolls
 i - a scroll of recharging {unknown}
 l - a scroll of silence {unknown}
 n - a scroll of fog
 q - 2 scrolls of magic mapping
 s - 2 scrolls of teleportation
 u - a scroll of blinking {unknown}
 A - a scroll of random uselessness
 W - a scroll of fear
 X - a scroll of summoning {unknown}
Potions
 h - 2 potions of agility
 m - a potion of magic {unknown}
 o - a potion of cancellation
 w - a potion of flight
 x - 2 potions of curing
 y - a potion of ambrosia
 z - a potion of resistance {unknown}
 B - a potion of invisibility
 R - a potion of lignification
 Z - a potion of berserk rage
Books
 c - a book of Changes

   Spells                             Type                      Level
   a - Beastly Appendage              Transmutation                1
   b - Sticks to Snakes               Transmutation                2
   c - Spider Form                    Transmutation/Poison         3
   d - Ice Form                       Ice/Transmutation            4
   e - Blade Hands                    Transmutation                5
Comestibles
 d - 3 bread rations


   Skills:
 + Level 5.4 Fighting
 - Level 4.3 Dodging
 + Level 9.2 Unarmed Combat
 - Level 5.5 Spellcasting
 - Level 9.3 Transmutations
 - Level 2.4 Ice Magic


You had 5 spell levels left.
You knew the following spells:

 Your Spells              Type           Power        Failure   Level  Hunger
e - Beastly Appendage     Tmut           ######       1%          1    None
h - Blade Hands           Tmut           ######....   9%          5    #####..
i - Ice Form              Ice/Tmut       #####...     12%         4    ####...
k - Sticks to Snakes      Tmut           ######..     1%          2    None
p - Spider Form           Tmut/Pois      #####.....   7%          3    ##.....


Dungeon Overview and Level Annotations

Branches:
Dungeon (10/15)            Temple (0/1) D:7            Lair (1/6) D:8
    Orc: D:9-12

Shops:
D:7 [   D:9 *!

Annotations:
D:4 Grinder


Innate Abilities, Weirdness & Mutations

You have an increased reservoir of magic. (+10% MP)
((You have razor-sharp toenails.))
(You are partially covered in rugged brown scales. (AC +1, +3% HP))
Scrolls take you a little longer to read.
You occasionally shout uncontrollably at your foes.
Your spells are a little harder to cast, but a little more powerful.


Message History

Your adder barely misses the freezing wraith.
The freezing wraith hits your adder.
The freezing wraith freezes your adder!!
Your adder dies!
You punch the freezing wraith!
The freezing wraith is almost destroyed.
Your water moccasin barely misses the freezing wraith.
Your water moccasin bites the freezing wraith but does no damage.
The freezing wraith hits you! The freezing wraith freezes you. You resist.
The freezing wraith barely misses you.
The ice beast barely misses your water moccasin.
Your water moccasin bites the freezing wraith but does no damage.
Your water moccasin bites the freezing wraith!
The freezing wraith is destroyed!
Your water moccasin looks stronger.
A freezing wraith comes into view.
Unknown command.
The ice beast hits you. The ice beast freezes you. You resist.
You punch the freezing wraith!
The freezing wraith is moderately damaged.
Your water moccasin barely misses the freezing wraith.
The freezing wraith hits you! The freezing wraith freezes you. You resist.
The freezing wraith hits you. The freezing wraith drains your vigour!
You feel yourself slow down.
Your water moccasin bites the freezing wraith.
The ice beast hits you but does no damage.
You barely miss the freezing wraith.
The freezing wraith is heavily damaged.
The freezing wraith hits you but does no damage. x2
Your water moccasin bites the ice beast.
The ice beast hits you but does no damage.
You hit the freezing wraith but do no damage.
The freezing wraith is heavily damaged.
Your water moccasin closely misses the ice beast.
The freezing wraith hits you!
* * * LOW HITPOINT WARNING * * *
The freezing wraith freezes you. You resist.
* * * LOW HITPOINT WARNING * * *
The freezing wraith hits you!
* * * LOW HITPOINT WARNING * * *
The freezing wraith drains your vigour!
You feel as though you will be slow longer.
Your water moccasin bites the freezing wraith!
The ice beast hits you.
* * * LOW HITPOINT WARNING * * *
The ice beast freezes you. You resist.
* * * LOW HITPOINT WARNING * * *
The freezing wraith closely misses you. The freezing wraith hits you.
* * * LOW HITPOINT WARNING * * *
The freezing wraith drains your vigour!
You feel as though you will be slow longer.
You swap places.
Your water moccasin barely misses the freezing wraith.
Your water moccasin bites the ice beast!
The ice beast hits your water moccasin.
The ice beast freezes your water moccasin!
The freezing wraith misses your water moccasin.
The freezing wraith hits your water moccasin.
The freezing wraith drains your water moccasin's vigour!
Your water moccasin seems to slow down.
Your water moccasin bites the ice beast!
Your water moccasin bites the freezing wraith but does no damage.
Really read with blurry vision while enemies are nearby?
The ice beast hits your water moccasin.
The ice beast freezes your water moccasin!
Your water moccasin bites the freezing wraith but does no damage.
The freezing wraith hits your water moccasin!
Your water moccasin dies!
You begin reading the scroll.
You continue reading the scroll.
Your water moccasin bites the ice beast!
The ice beast dies!
Your water moccasin looks stronger.
Your adder bites the freezing wraith but does no damage.
The freezing wraith hits your adder!
Your adder dies!
Your water moccasin barely misses the freezing wraith.
As you read the scroll labeled QOASIE TIBY, it crumbles to dust.
You hear a lullaby played backwards.
It was a scroll of random uselessness.
Really read with blurry vision while enemies are nearby?
Your water moccasin barely misses the freezing wraith.
You begin reading the scroll.
You continue reading the scroll.
Your water moccasin bites the freezing wraith but does no damage.
Your water moccasin closely misses the freezing wraith.
The freezing wraith hits you.
* * * LOW HITPOINT WARNING * * *
The freezing wraith freezes you. You resist.
* * * LOW HITPOINT WARNING * * *
The freezing wraith barely misses you.
As you read the scroll labeled XYGEWI NURIORI, it crumbles to dust.
You feel strangely unstable.
It was a scroll of teleportation.
Your water moccasin bites the freezing wraith but does no damage. x2
The freezing wraith misses your water moccasin.
The freezing wraith hits your water moccasin!
The freezing wraith drains your water moccasin's vigour!
Your water moccasin seems to slow down.
The freezing wraith hits you!
* * * LOW HITPOINT WARNING * * *
The freezing wraith freezes you. You resist.
You die...

##...##
#.....#
##..#..##
##...##..#
##...####.##
##...##
#..## #...##
##..# .
##..## #..##
.. #..######
##Y.# W..
##.###...##
#WW## ....
#..##.....##
##.S# .....
#..#...#.S.#
#..#.....#
#....####..#
##...#
#...## #..##
##.## ##.##
##..## ##
### #...##
##....##
####


You could see 2 freezing wraiths and a friendly water moccasin.

Vanquished Creatures
  A hydra (Lair:1)
  A two-headed ogre (D:8)
  Sonja (Lair:1)
  4 freezing wraiths (IceCv)
  A komodo dragon (Lair:1)
  2 hippogriffs
  Edmund (D:6)
  A water moccasin (D:6)
  A black bear (D:9)
  2 sky beasts
  12 ice beasts
  3 ogres
  An orc warrior (D:8)
  A necrophage (D:9)
  A phantom (D:8)
  3 wolves (Lair:1)
  A centaur (D:9)
  Blork the orc (D:6)
  6 bullfrogs
  A gnoll sergeant (D:9)
  A scorpion (D:8)
  A water moccasin skeleton (D:9)
  2 wights (D:9)
  2 crimson imps
  A quasit (D:9)
  A bullfrog zombie (D:6)
  An orc priest (D:8)
  6 orc wizards
  3 centaur skeletons
  2 iguanas
  Jessica (D:2)
  5 worker ants
  A wolf simulacrum (IceCv)
  4 mummies (D:9)
  6 adders
  7 gnolls
  A river rat (D:3)
  5 white imps (IceCv)
  2 oozes
  An adder skeleton (D:9)
  2 worms
  4 dart slugs
  6 leopard geckos
  19 orcs
  A ball python (D:3)
  6 giant cockroaches
  11 goblins
  7 hobgoblins
  8 jackals
  2 kobolds
  A quokka (D:5)
  4 bats (D:1)
  10 frilled lizards
  A quokka zombie (D:8)
  7 rats
187 creatures vanquished.

Vanquished Creatures (collateral kills)
  A freezing wraith (IceCv)
  A death yak simulacrum (IceCv)
  A water moccasin (Lair:1)
  A porcupine (Lair:1)
  3 ice beasts
  A sky beast (D:7)
  A necrophage (D:9)
  An ogre (D:8)
  2 wolves (Lair:1)
  A crimson imp (D:8)
  A worker ant (D:4)
  2 wolf simulacra (IceCv)
  A hound skeleton (D:6)
  An adder (D:5)
  A leopard gecko (D:3)
  3 orcs (D:5)
  A goblin (D:3)
  A hobgoblin (D:3)
  2 jackals
  A frilled lizard (D:3)
  A kobold (D:3)
  A rat (D:2)
29 creatures vanquished.

Grand Total: 216 creatures vanquished

Notes
Turn   | Place    | Note
-------+----------+-------------------------------------------
     0 | D:1      | tidbits the Demigod Transmuter began the quest for the Orb.
     0 | D:1      | Reached XP level 1. HP: 15/15 MP: 5/5
    74 | D:1      | Reached skill level 2 in Spellcasting
   204 | D:1      | Reached skill level 3 in Unarmed Combat
   204 | D:1      | Reached XP level 2. HP: 22/22 MP: 5/7
   208 | D:1      | Learned a level 2 spell: Sticks to Snakes
   210 | D:1      | Found a shimmering altar of Xom.
   373 | D:1      | Reached skill level 2 in Transmutations
   520 | D:2      | Reached XP level 3. HP: 21/27 MP: 3/8
   525 | D:2      | Learned a level 3 spell: Spider Form
  1006 | D:3      | Reached XP level 4. HP: 27/34 MP: 1/9
  1009 | D:3      | Found a glowing drain.
  1071 | Sewer    | Entered a sewer
  1083 | Sewer    | Reached skill level 4 in Unarmed Combat
  1315 | Sewer    | Noticed a bullfrog
  1316 | Sewer    | Noticed a bullfrog
  1326 | Sewer    | Gained mutation: You are weak. (Str -2) [potion of mutation]
  1326 | Sewer    | Gained mutation: You have sharp toenails. [potion of mutation]
  1326 | Sewer    | Gained mutation: You have razor-sharp toenails. [potion of mutation]
  1328 | Sewer    | Killed a bullfrog
  1328 | Sewer    | Reached skill level 3 in Transmutations
  1328 | Sewer    | Reached XP level 5. HP: 7/39 MP: 4/10
  1394 | D:4      | Noticed an ogre
  1572 | D:2      | Noticed Jessica
  1587 | D:2      | Killed Jessica
  1587 | D:2      | Reached skill level 5 in Unarmed Combat
  1977 | D:3      | Killed an ogre
  1977 | D:3      | Reached XP level 6. HP: 23/46 MP: 8/12
  2066 | D:4      | Noticed Grinder
  2114 | D:4      | Reached skill level 4 in Transmutations
  2164 | D:5      | Entered Level 5 of the Dungeon
  2206 | D:5      | Found a shadowy altar of Dithmenos.
  2216 | D:5      | Reached skill level 6 in Unarmed Combat
  2220 | D:5      | Found a bloodstained altar of Trog.
  2369 | D:5      | Reached XP level 7. HP: 32/51 MP: 9/13
  2421 | D:5      | Reached skill level 1 in Fighting
  2519 | D:5      | Found an opulent altar of Gozag.
  2733 | D:4      | Found a white marble altar of Elyvilon.
  2783 | D:4      | Reached skill level 2 in Dodging
  2855 | D:4      | Found an ancient bone altar of Kikubaaqudgha.
  2900 | D:5      | You fall through a shaft for 2 floors!
  2900 | D:7      | Found a staircase to the Ecumenical Temple.
  2921 | D:7      | Reached skill level 2 in Fighting
  3007 | D:6      | Reached skill level 7 in Unarmed Combat
  3012 | D:6      | Noticed Blork the orc
  3047 | D:6      | Killed Blork the orc
  3071 | D:6      | Noticed Edmund
  3085 | D:6      | Killed Edmund
  3088 | D:6      | Reached skill level 5 in Transmutations
  3088 | D:6      | Reached XP level 8. HP: 57/62 MP: 1/14
  3143 | D:6      | Reached skill level 3 in Dodging
  3342 | D:7      | Reached skill level 3 in Fighting
  3375 | D:7      | Found a burning altar of Makhleb.
  3403 | D:7      | Noticed a hippogriff
  3408 | D:7      | Found Buoluw's Antique Armour Emporium.
  3417 | D:7      | Killed a hippogriff
  3417 | D:7      | Reached skill level 8 in Unarmed Combat
  3792 | D:8      | Learned a level 5 spell: Blade Hands
  3938 | D:9      | Reached skill level 4 in Dodging
  3996 | D:9      | Noticed a hippogriff
  4003 | D:9      | Killed a hippogriff
  4003 | D:9      | Reached XP level 9. HP: 66/71 MP: 12/15
  4039 | D:9      | Found Afuahin's Distillery.
  4051 | D:9      | Bought 2 potions of degeneration for 26 gold pieces
  4051 | D:9      | Bought a potion of lignification for 39 gold pieces
  4051 | D:9      | Bought a potion of berserk rage for 65 gold pieces
  4051 | D:9      | Bought a potion of haste for 130 gold pieces
  4073 | D:9      | Reached skill level 6 in Transmutations
  4094 | D:10     | Entered Level 10 of the Dungeon
  4138 | D:9      | Reached skill level 4 in Fighting
  4251 | D:9      | Found Letauho's Assorted Antiques.
  4254 | D:9      | Bought a scroll labeled XISHAI CICZUNE for 27 gold pieces
  4254 | D:9      | Bought a scroll labeled XYGEWI NURIORI for 27 gold pieces
  4278 | D:9      | Gained mutation: Scrolls take you a little longer to read. [mutagenic meat]
  4279 | D:9      | Gained mutation: You occasionally shout uncontrollably at your foes. [mutagenic meat]
  4280 | D:9      | Lost mutation: You are weak. (Str -2) [mutagenic meat]
  4281 | D:9      | Gained mutation: Your spells are a little harder to cast, but a little more powerful. [mutagenic meat]
  4282 | D:9      | Gained mutation: You are partially covered in rugged brown scales. (AC +1, +3% HP) [mutagenic meat]
  4396 | D:9      | Reached skill level 7 in Transmutations
  4567 | D:8      | Noticed a two-headed ogre
  4589 | D:8      | Killed a two-headed ogre
  4589 | D:8      | Reached skill level 8 in Transmutations
  4626 | D:8      | Found a staircase to the Lair.
  4630 | Lair:1   | Entered Level 1 of the Lair of Beasts
  4716 | Lair:1   | Noticed a seven-headed hydra
  4718 | Lair:1   | Noticed a komodo dragon
  4740 | Lair:1   | Killed a seven-headed hydra
  4740 | Lair:1   | Reached skill level 3 in Spellcasting
  4740 | Lair:1   | Reached XP level 10. HP: 80/80 MP: 6/19
  4741 | Lair:1   | Reached skill level 4 in Spellcasting
  4832 | Lair:1   | Noticed Sonja
  4846 | Lair:1   | Killed Sonja
  4846 | Lair:1   | Reached skill level 5 in Spellcasting
  4909 | Lair:1   | Learned a level 4 spell: Ice Form
  4913 | Lair:1   | Found a frozen archway.
  4919 | Lair:1   | Reached skill level 9 in Transmutations
  4920 | Lair:1   | Reached skill level 1 in Ice Magic
  4931 | Lair:1   | Reached skill level 2 in Ice Magic
  4944 | IceCv    | Entered an ice cave
  5255 | IceCv    | Reached skill level 9 in Unarmed Combat
  5259 | IceCv    | Reached skill level 5 in Fighting
  5607 | IceCv    | HP: 2/99 [freezing wraith (9)]
  5607 | IceCv    | Slain by a freezing wraith

Vault maps used:
D:1:      shiori_shiawase, xom_teletrap_fun
D:2:      grunt_ministairs_10, uniq_jessica
D:3:      gup_sewer_entry_bubbles, first_bread
D:4:      elyvilon_altar_4, lemuel_round_altar, uniq_grinder
D:5:      grunt_temple_overflow_open, basic_altar
D:6:      uniq_edmund, uniq_blork_the_orc
D:7:      lemuel_crystal_altar, minmay_temple_entry_statues, serial_shops,
          kennysheep_mini, shop
D:8:      lair_entry_dummy
D:9:      overflow_temple_1_default, serial_shops, shop,
          nicolae_shop_behind_doors, serial_undead, serial_undead_f,
          serial_undead_e, serial_undead_a, serial_undead_e, serial_undead_c,
          serial_undead_c
D:10:     serial_shops, nicolae_shop_behind_doors, david_nohive_1,
          kennysheep_decorative_pillar, minmay_door_square, minivault_28
Lair:1:   portal_ice_cave_entry_ice_beasts, uniq_sonja
Sewer:    sewer_frog_island_01
IceCv:    ice_cave_small_necro

Skill      XL: |  1  2  3  4  5  6  7  8  9 10 |
---------------+-------------------------------+-----
Spellcasting   | 2 3 5 |  5.5
Unarmed Combat | 3 4 5 6 7 8 9 |  9.2
Transmutations | 2 3 4 5 8 9 |  9.3
Fighting       | 2 3 4 5 |  5.4
Dodging        | 2 4 |  4.3
Ice Magic      | 2 |  2.4

Action                   |  1- 3 |  4- 6 |  7- 9 | 10-12 || total
-------------------------+-------+-------+-------+-------++-------
Melee: Unarmed           |   126 |    93 |   231 |    88 ||   538
       Kick              |    21 |     1 |       |       ||    22
       Headbutt          |     4 |       |       |       ||     4
       Punch             |     1 |       |     2 |       ||     3
       Dagger            |       |       |    12 |       ||    12
 Fire: Blowgun           |       |    14 |     1 |       ||    15
 Cast: Beastly Appendage |    35 |     2 |       |       ||    37
       Sticks to Snakes  |     9 |     9 |    30 |    16 ||    64
       Spider Form       |     1 |    19 |    38 |     1 ||    59
       Blade Hands       |       |       |     2 |       ||     2
       Ice Form          |       |       |       |     5 ||     5
 Abil: End Transformatio |       |     1 |     5 |     3 ||     9
Evoke: Wand              |       |       |    13 |     1 ||    14
  Use: Scroll            |     6 |     8 |    10 |     6 ||    30
       Potion            |     3 |     2 |     1 |     2 ||     8
 Stab: Sleeping          |     1 |     1 |     2 |       ||     4
       Invisible         |     1 |       |       |       ||     1
       Distracted        |       |       |     4 |       ||     4
       Confused          |       |       |     1 |     2 ||     3
  Eat: Chunk             |     2 |     8 |    15 |       ||    25
       Royal jelly       |       |       |     3 |       ||     3
       Fruit             |       |       |     1 |       ||     1
       Bread ration      |       |       |       |     2 ||     2
Armor: Robe              |    23 |     6 |     6 |       ||    35
       Skin              |       |     6 |    31 |    36 ||    73
Dodge: Dodged            |    75 |   110 |   173 |    38 ||   396
Block: Other             |       |       |     5 |       ||     5

Table legend:
 A = Spawn XP
 B = Non-spawn XP
 C = Spawn XP percentage of total XP
 D = Spawn monster count
 E = Non-spawn monster count
 F = Spawn count percentage of total count
 G = Total turns spent on level
                    A         B        C        D         E        F      G
               +---------+---------+-------+---------+---------+-------+---------
         Total |     210 |   11353 |   1.8 |      10 |     206 |   4.6 |  5607
               +---------+---------+-------+---------+---------+-------+---------
           D:1 |       0 |      34 |   0.0 |       0 |      19 |   0.0 |   610
           D:2 |       4 |      68 |   5.6 |       2 |      14 |  12.5 |   427
           D:3 |       1 |     221 |   0.5 |       1 |      33 |   2.9 |   692
           D:4 |      39 |     335 |  10.4 |       1 |       6 |  14.3 |   339
           D:5 |       0 |     277 |   0.0 |       0 |      23 |   0.0 |   559
           D:6 |       0 |     617 |   0.0 |       0 |      11 |   0.0 |   254
           D:7 |       0 |     806 |   0.0 |       0 |       7 |   0.0 |   333
           D:8 |      92 |    1474 |   5.9 |       5 |      13 |  27.8 |   533
           D:9 |       0 |    1450 |   0.0 |       0 |      24 |   0.0 |   538
          D:10 |       0 |      37 |   0.0 |       0 |       2 |   0.0 |    52
        Lair:1 |      74 |    3254 |   2.2 |       1 |      17 |   5.6 |   314
         Sewer |       0 |     183 |   0.0 |       0 |      17 |   0.0 |   293
         IceCv |       0 |    2597 |   0.0 |       0 |      20 |   0.0 |   663
               +---------+---------+-------+---------+---------+-------+---------

Table legend:
 A = Turns spent in this place as a percentage of turns spent in the entire game.
 B = Non-inter-level travel turns spent in this place as a percentage of non-inter-level travel turns spent in the entire game.
 C = Inter-level travel turns spent in this place as a percentage of turns spent in this place.
 D = Turns resting spent in this place as a percentage of non-inter-level travel turns spent in this place.
 E = Turns spent auto-exploring this place as a percentage of non-inter-level travel turns spent in this place.
 F = Non-inter-level travel turns spent in this place divided by the number of levels of this place that you've seen.
                   A       B       C       D       E      F
               +-------+-------+-------+-------+-------+----------------------
         Total | 100.0 | 100.0 |   1.5 |   0.0 |   0.0 | 424.8
       Dungeon |  77.3 |  77.0 |   1.9 |   0.0 |   0.0 | 425.3
          Lair |   5.6 |   5.7 |   0.0 |   0.0 |   0.0 | 314.0
         Sewer |   5.2 |   5.3 |   0.0 |   0.0 |   0.0 | 293.0
      Ice Cave |  11.8 |  12.0 |   0.0 |   0.0 |   0.0 | 663.0
               +-------+-------+-------+-------+-------+----------------------

Table legend:
 A = Kills in this place as a percentage of kills in entire the game.
 B = Kills by you in this place as a percentage of kills by you in the entire game.
 C = Kills by friends in this place as a percentage of kills by friends in the entire game.
 D = Other kills in this place as a percentage of other kills in the entire game.
 E = Experience gained in this place as a percentage of experience gained in the entire game.
 F = Experience gained in this place divided by the number of levels of this place that you have seen.
                   A       B       C       D       E      F
               +-------+-------+-------+-------+-------+----------------------
         Total | 100.0 | 100.0 | 100.0 | 100.0 | 100.0 | 889.5
       Dungeon |  74.5 |  76.3 |  62.1 | 100.0 |  47.2 | 545.5
          Lair |   8.3 |   6.5 |  20.7 |   0.0 |  28.8 | 3328.0
         Sewer |   7.9 |   9.1 |   0.0 |   0.0 |   1.6 | 183.0
      Ice Cave |   9.3 |   8.1 |  17.2 |   0.0 |  22.5 | 2597.0
               +-------+-------+-------+-------+-------+----------------------

Vault maps used:
D:1:      shiori_shiawase, xom_teletrap_fun
D:2:      grunt_ministairs_10, uniq_jessica
D:3:      gup_sewer_entry_bubbles, first_bread
D:4:      elyvilon_altar_4, lemuel_round_altar, uniq_grinder
D:5:      grunt_temple_overflow_open, basic_altar
D:6:      uniq_edmund, uniq_blork_the_orc
D:7:      lemuel_crystal_altar, minmay_temple_entry_statues, serial_shops,
          kennysheep_mini, shop
D:8:      lair_entry_dummy
D:9:      overflow_temple_1_default, serial_shops, shop,
          nicolae_shop_behind_doors, serial_undead, serial_undead_f,
          serial_undead_e, serial_undead_a, serial_undead_e, serial_undead_c,
          serial_undead_c
D:10:     serial_shops, nicolae_shop_behind_doors, david_nohive_1,
          kennysheep_decorative_pillar, minmay_door_square, minivault_28
Lair:1:   portal_ice_cave_entry_ice_beasts, uniq_sonja
Sewer:    sewer_frog_island_01
IceCv:    ice_cave_small_necro
